cohdb
Replays
Latest Replays
All Replays
Popular Replays
Top Player Replays
Match Explorer
How It Works
Community
CoH3 Stats
Reddit
Sign in to upload your games and track your stats! →
Sign in with Steam
Match 43302360
Unlisted
Match 43302360
Overview
Messages
Build Orders
End
Royal Engineer Section
Construct Section Command Post
Dingo Light Scout Car
Infantry Section
Infantry Section
Grenade Package
Infantry Section
Selects Indian Artillery Battlegroup
Selects Valour
Vickers Machine Gun Team
Construct Platoon Command Post
Construct Field Infirmary
Infantry Training
Selects Gurkha Rifles Section
Gurkha Rifles Section
Selects Artillery Saturation
Selects Pillage
6-pounder Anti-tank Gun Team
Unlock Bishop Self-propelled Artillery
Selects Artillery Saturation
Bishop Self-propelled Artillery
Bishop Self-propelled Artillery
Tok3n x Operator
chasedirig
TechT0nic
Ondor
shrpshny
Khalax
0
0
Comments
sign in to comment!
No comments posted yet!